 Dungeon Crawl Stone Soup version 0.30-a0-852-g08b95dd62f (webtiles) character file.

Game seed: 8905315551179735369

112 Persephone the Cudgeller (level 4, 0/28 HPs)
             Began as a Gargoyle Fighter on Mar 4, 2023.
             Slain by an orc
             ... wielding a +0 trident
              (7 damage)
             ... on level 3 of the Dungeon.
             The game lasted 00:07:15 (1766 turns).

Persephone the Cudgeller (Gargoyle Fighter)         Turns: 1766, Time: 00:07:16

Health: 0/28       AC: 10    Str: 21    XL:     4   Next: 95%
Magic:  4/4        EV:  9    Int:  9    God:
Gold:   128        SH:  0    Dex:  9    Spells: 3/3 levels left

rFire   . . .      SeeInvis .    a - +0 flail
rCold   . . .      Faith    .    c - +0 buckler
rNeg    + . .      Spirit   .    b - +0 scale mail
rPois   ∞          Reflect  .    (no helmet)
rElec   +          Rampage  .    (no cloak)
rCorr   .                        (no gloves)
Will    .....                    (no boots) Stlth
                                 (no amulet)
HPRegen 0.24/turn                (no ring)
MPRegen 0.09/turn                (no ring)

@: confused, mighty, ambrosia-drunk
A: sickness immunity, AC +3, negative energy resistance 1, electricity
resistance, torment resistance 1, petrification resistance
a: no special abilities


You were on level 3 of the Dungeon.
You visited 1 branch of the dungeon, and saw 3 of its levels.

You collected 128 gold pieces.

Inventory:

Hand Weapons
 a - a +0 flail (weapon)
Armour
 b - a +0 scale mail (worn)
 c - a +0 buckler (worn)
Jewellery
 f - a ring of positive energy
Scrolls
 g - 2 scrolls of noise {unknown}
 h - a scroll of acquirement {unknown}
 i - 2 scrolls of identify {unknown}
 j - a scroll of teleportation {unknown}
 k - a scroll of magic mapping {unknown}


   Skills:
 - Level 3.5 Fighting
 + Level 4.4 Maces & Flails
 - Level 3.5 Armour
 - Level 3.5 Shields


You had 3 spell levels left.
You didn't know any spells.
Your spell library contained the following spells:

 Spells                   Type           Power      Damage    Failure   Level
 Freeze                   Ice            0%         1d3       82%         1
 Dazzling Flash           Conj/Hex       0%         N/A       99%         3
 Frozen Ramparts          Ice            0%         1d1       99%         3
 Hailstorm                Conj/Ice       0%         3d3       99%         3
 Tukima's Dance           Hex            0%         N/A       99%         3
 Passage of Golubria      Tloc           0%         N/A       100%        4
 Agony                    Necr           0%         N/A       100%        5
 Silence                  Hex/Air        0%         N/A       100%        5
 Yara's Violent Unravell  Hex/Tmut       0%         3d3       100%        5


Dungeon Overview and Level Annotations

Branches:
Dungeon (3/15)

Altars:
Zin


Innate Abilities, Weirdness & Mutations

You are immune to sickness and miasma.
Your stone body is resilient. (AC +3)
You are immune to poison.
You resist negative energy. (rN+)
You are resistant to electric shocks. (rElec)
You are resistant to unholy torment.
You are immune to petrification.


Message History

The rat bites you but does no damage. The orc hits you but does no damage.
The orc barely misses you. The frilled lizard barely misses you.
The rat bites you but does no damage.
The orc hits you from afar with a +0 trident.
You block the orc's attack.
You hear some strange, mumbled words.
A magic dart appears from out of thin air!
The magic dart hits you but does no damage.
The frilled lizard bites you but does no damage.
You hit the rat.
You kill the rat!
The orc hits you but does no damage. You block the orc's attack.
The orc hits you but does no damage.
The frilled lizard bites you but does no damage.
Something hits you but does no damage.
The orc hits you from afar with a +0 trident.
The orc attacks as you move away!
The orc hits you with a +0 heavy hand axe.
The orc hits you but does no damage. x2
You see here a rat corpse.
Found 11 gold pieces and a mace.
The frilled lizard hisses.
You hear some strange, mumbled words.
A magic dart appears from out of thin air!
The magic dart hits you. Something hits you but does no damage.
You hit the orc but do no damage. The orc hits you with a +0 war axe.
* * * LOW HITPOINT WARNING * * *
You sock the orc!
You kill the orc!
You feel very mighty all of a sudden. Something hits you but does no damage.
The orc hits you from afar with a +0 trident.
* * * LOW HITPOINT WARNING * * *
It was a potion of ambrosia.
You are confused.
You feel invigorated. Something hits you.
* * * LOW HITPOINT WARNING * * *
The orc hits you from afar with a +0 trident!
You die...

####.##).......# ...
..#....#...#...#.. ..>
#.#...##.......... ...
#.#..........<.)..
#.#.....##..#.....
####.................
#.........####.......
#..##.......###.......
#..$....lo)@.......
#........o##.......
#.........# #$.....
............# ......
###.........# .....
##.......## .....
#......... ....
#.........# ####
#.........#


You could see 2 orcs and a frilled lizard.

Vanquished Creatures
  2 adders (D:2)
  A gnoll (D:2)
  A worm (D:2)
  A dart slug (D:1)
  An orc (D:3)
  6 endoplasms
  4 giant cockroaches
  6 goblins
  6 hobgoblins
  7 jackals (D:1)
  3 quokkas
  7 ball pythons
  9 bats
  5 frilled lizards
  5 kobolds
  12 rats
76 creatures vanquished.

Notes
Turn   | Place    | Note
-------+----------+-------------------------------------------
     0 | D:1      | Persephone the Gargoyle Fighter began the quest for the
                  | Orb.
     0 | D:1      | Reached XP level 1. HP: 14/14 MP: 1/1
    57 | D:1      | Reached XP level 2. HP: 16/19 MP: 2/2
   268 | D:1      | Found a faded altar of an unknown god.
   333 | D:1      | Reached XP level 3. HP: 20/23 MP: 3/3
   388 | D:1      | Reached skill level 3 in Maces & Flails
  1041 | D:2      | Reached XP level 4. HP: 28/28 MP: 4/4
  1239 | D:2      | Reached skill level 4 in Maces & Flails
  1725 | D:3      | Found a glowing silver altar of Zin.
  1766 | D:3      | Slain by an orc

Illustrated notes

Levels and vault maps discovered:
D:1:      dpeg_arrival_ternary, layout_loops_ring,
          ebering_ecumenical_altar_hall, fountainhead, minmay_hexomino_c4
D:2:      layout_rooms, minmay_misc_feat_nine_boxes
D:3:      layout_rooms, led_xom_imps, mainiacjoe_overflow_concentric_impassable,
          kennysheep_small_spiral

Skill      XL: |  1  2  3  4 |
---------------+-------------+-----
Maces & Flails | 3 4 |  4.4
Fighting       | |  3.5
Armour         | |  3.5
Shields        | |  3.5

Action                     |  1- 3 |  4- 6 || total
---------------------------+-------+-------++-------
  Melee: Flail             |   148 |    84 ||   232
    Use: Potion            |       |     2 ||     2
 Armour: Scale mail        |   114 |    65 ||   179
  Dodge: Dodged            |   102 |    46 ||   148
  Block: Buckler           |    41 |    24 ||    65

Table legend: (Time is in decaauts)
 A = Elapsed time spent in this place.
 B = Non-inter-level travel time spent in this place.
 C = Inter-level travel time spent in this place.
 D = Time resting spent in this place.
 E = Time spent auto-exploring this place.
 F = Levels seen in this place.
 G = Mean time per level.
                   A        B        C        D        E       F      G
               +--------+--------+--------+--------+--------+-----+--------+
         Total |   1832 |   1717 |    115 |      0 |   1245 |   3 |  610.7 |
       Dungeon |   1832 |   1717 |    115 |      0 |   1245 |   3 |  610.7 |
               +--------+--------+--------+--------+--------+-----+--------+

Top non-repeatable levels by time:
     D:1: 1001 daAuts
     D:2: 713 daAuts
     D:3: 117 daAuts
